 Dungeon Crawl Stone Soup version 0.30.1-11-g7821555f0a (webtiles) character file.

Game seed: 14109031572127859301

25 Dordric the Chopper (level 3, -4/31 HPs)
             Began as a Hill Orc Monk on Oct 30, 2023.
             Slain by Sigmund
             ... wielding a +0 scythe
              (10 damage)
             ... on level 2 of the Dungeon.
             The game lasted 00:00:51 (1145 turns).

Dordric the Chopper (Hill Orc Monk)                 Turns: 1145, Time: 00:00:52

Health: -4/31      AC:  2    Str: 15    XL:     3   Next: 6%
Magic:  4/4        EV: 12    Int: 10    God:
Gold:   19         SH:  0    Dex: 13    Spells: 2/2 levels left

rFire   . . .        a - +0 hand axe
rCold   . . .        d - orb {light}
rNeg    . . .        b - +0 robe
rPois   .            (no helmet)
rElec   .            (no cloak)
rCorr   .            (no gloves)
SInv    .            (no boots)
Will    .....        (no amulet)
Stlth   +            (no ring)
HPRegen 0.25/turn    (no ring)
MPRegen 0.09/turn

%: no passive effects
@: confused, glowing
A: no striking features
a: no special abilities


You were on level 2 of the Dungeon.
You visited 1 branch of the dungeon, and saw 2 of its levels.

You collected 19 gold pieces.

Inventory:

Hand Weapons
 a - a +0 hand axe (weapon)
Armour
 b - a +0 robe (worn)
 d - an orb of light (worn)
Scrolls
 e - a scroll of poison {unknown}
 f - a scroll of magic mapping {unknown}
Potions
 g - a potion of haste {unknown}
 h - 2 potions of magic {unknown}


   Skills:
 - Level 3.6 Fighting
 + Level 4.8 Axes
 - Level 2.4 Dodging
 + Level 2.3 Invocations


You had 2 spell levels left.
You didn't know any spells.
Your spell library was empty.

Dungeon Overview and Level Annotations

Branches:
Dungeon (2/15)

Altars:

Annotations:
D:2 Sigmund


Message History

You feel less confused. The goblin hits you with a +0 dagger.
You hit the goblin.
You kill the goblin!
Sigmund gestures at you while chanting.
You are confused.
You have reached level 3!
Your experience leads to an increase in your attributes!
Increase (S)trength, (I)ntelligence, or (D)exterity?
You feel stronger. x2
Sigmund closely misses you.
You see here a +0 dagger.
You hit Sigmund.
Sigmund is moderately wounded.
Sigmund hits you with a +0 scythe!
You bump into the rock wall.
The goblin closely misses you.
You hit the goblin.
You kill the goblin!
You closely miss Sigmund. Sigmund misses you.
You're too confused to move!
You feel less confused. Sigmund hits you with a +0 scythe.
You hit Sigmund.
Sigmund is moderately wounded.
You hit Sigmund but do no damage.
Sigmund is moderately wounded.
Sigmund misses you.
You hit Sigmund.
Sigmund is moderately wounded.
Sigmund hits you with a +0 scythe!
* * * LOW HITPOINT WARNING * * *
You hit Sigmund.
Sigmund is moderately wounded.
Sigmund casts a spell at you.
You are confused.
You bump into the rock wall.
Sigmund casts a spell at you.
You are more confused.
You bump into the rock wall.
Sigmund hits you with a +0 scythe!
You die...

#. )..
#.######
#g?#
#.#<@@.#
#....
#.###w.#
...
#.#....#
...#.#@####
###.#.#.#
#.#...w.w.#
.......>###
...w#.#.#
#. # ...


You could see Sigmund (invisible) and a worm.

Vanquished Creatures
  A worm (D:1)
  A dart slug (D:1)
  A ball python (D:1)
  An endoplasm (D:1)
  3 goblins
  2 hobgoblins (D:1)
  3 jackals (D:1)
  2 quokkas (D:1)
  A frilled lizard (D:1)
  2 kobolds (D:1)
  A rat (D:1)
18 creatures vanquished.

Notes
Turn   | Place    | Note
-------+----------+-------------------------------------------
     0 | D:1      | Dordric the Hill Orc Monk began the quest for the Orb.
     0 | D:1      | Reached XP level 1. HP: 19/19 MP: 1/1
   181 | D:1      | Reached skill level 1 in Invocations
   230 | D:1      | Reached XP level 2. HP: 23/26 MP: 1/3
   933 | D:2      | Noticed Sigmund
  1135 | D:2      | Reached XP level 3. HP: 30/31 MP: 4/4
  1145 | D:2      | Slain by Sigmund

Illustrated notes

Levels and vault maps discovered:
D:1:      psy_arrival_heroes, layout_loops_ring, chequers_serial_rivers_micro_d,
          amcnicky_mini_corridor_feature, minmay_misc_feat_x
D:2:      layout_basic, uniq_natasha, uniq_sigmund, uniq_robin

Skill      XL: |  1  2 |
---------------+-------+-----
Invocations    | 1 2 |  2.3
Fighting       | |  3.6
Axes           | |  4.8
Dodging        | |  2.4

Action                     || total
---------------------------++-------
  Melee: Hand axe          ||    60
    Use: Potion            ||     1
 Armour: Robe              ||     7
  Dodge: Dodged            ||    32
